 Dungeon Crawl Stone Soup version 0.17-a0-2231-gd80ca38 (webtiles) character file.

389 rutigerpupkin the Digger (level 6, -3/32 HPs)
             Began as a Gargoyle Earth Elementalist on Nov 3, 2015.
             Slain by an ice beast (13 damage)
             ... on level 4 of the Dungeon.
             The game lasted 00:16:11 (3714 turns).

rutigerpupkin the Digger (GrEE)                     Turns: 3714, Time: 00:16:11

Health: -3/32      AC: 12    Str: 11    XL:     6   Next: 79%
Magic:  0/13       EV: 12    Int: 18    God:
Gold:   217        SH:  0    Dex: 10    Spells: 2 memorised, 10 levels left

rFire  . . .     SeeInvis .     C - +1 flail (protect)
rCold  . . .     Clarity  .     b - +0 robe
rNeg   + . .     SustAt   .     (no shield)
rPois  ∞         Gourm    .     I - +0 helmet
rElec  +         Spirit   .     (no cloak)
rCorr  .         Warding  .     (no gloves)
rMut   .         Stasis   .     (no boots)
MR     +....                    (no amulet)
Stlth  ++........               x - ring of protection from magic
                                g - ring of wizardry

@: somewhat resistant to hostile enchantments, unstealthy
A: negative energy resistance 1, electricity resistance, unbreathing,
petrification resistance, rot immunity, AC +4
a: no special abilities


You were on level 4 of the Dungeon.
You were hungry.

You visited 1 branch of the dungeon, and saw 5 of its levels.

You collected 217 gold pieces.

Inventory:

Hand Weapons
 f - a +0 mace
 v - a +1 long sword of holy wrath
 C - a +1 flail of protection (weapon)
 E - a +2 flail of crushing
 F - a +2 vampiric dagger
 G - a +0 mace of protection
Missiles
 a - 168 stones (quivered)
 e - 7 poisoned needles
Armour
 b - a +0 robe (worn)
 I - a +0 helmet (worn)
Magical Staves
 L - an uncursed staff of cold {unknown}
Jewellery
 g - a ring of wizardry (left hand)
 m - an uncursed ring of protection from cold
 s - an uncursed ring of sustain attributes
 x - a ring of protection from magic (right hand)
Scrolls
 i - 2 scrolls of enchant weapon {unknown}
 j - 2 scrolls of fog {unknown}
 l - a scroll of immolation {unknown}
 n - 3 scrolls of identify {unknown}
 q - a scroll of recharging {unknown}
 r - 3 scrolls of remove curse {unknown}
 t - a scroll of teleportation {unknown}
 y - a scroll of magic mapping {unknown}
Potions
 k - 4 potions of curing {unknown}
 o - 2 potions of might {unknown}
 p - a potion of magic {unknown}
 u - 2 potions of resistance {unknown}
 w - a potion of poison {unknown}
 A - a potion of lignification {unknown}
 D - a potion of agility {unknown}
 H - 2 potions of invisibility {unknown}
 J - a potion of beneficial mutation {unknown}
Books
 c - a book of Geomancy

   Spells                             Type                      Level
   a - Sandblast                      Earth                        1
   b - Stoneskin                      Transmutation/Earth          2
   c - Passwall                       Transmutation/Earth          3
   d - Stone Arrow                    Conjuration/Earth            3
   e - Petrify                        Transmutation/Earth          4
   f - Lee's Rapid Deconstruction     Earth                        5
Comestibles
 d - 5 bread rations
 h - 3 meat rations
 z - 9 fruits


   Skills:
 - Level 1.5 Dodging
 - Level 2.1 Stealth
 * Level 4.8 Spellcasting
 + Level 2.7 Conjurations
   Level 0.7 Transmutations
 + Level 5.7 Earth Magic


You had 10 spell levels left.
You knew the following spells:

 Your Spells              Type           Power        Failure   Level  Hunger
a - Sandblast             Erth           ####..       1%          1    None
c - Stone Arrow           Conj/Erth      ###...       4%          3    ###....


Dungeon Overview and Level Annotations

Branches:
Dungeon (5/15)
 Temple: D:4-7

Altars:


Innate Abilities, Weirdness & Mutations

You are resistant to torment.
Your stone body is resilient (AC +4).
You are immune to poison.
You resist negative energy.
You are resistant to electric shocks.
You can survive without breathing.
You are immune to petrification.
You are immune to rotting.


Message History

Press: ? - help, Shift-Dir - straight line, f/p - ice beast
Aim: an ice beast (severely wounded)
The blast of sand hits the ice beast.
The ice beast is severely wounded.
The ice beast hits you but does no damage.
Casting: Sandblast
Confirm with . or Enter, or press ? or * to list all spells.
Aiming: Sandblast
Press: ? - help, Shift-Dir - straight line, f/p - ice beast
Aim: an ice beast (severely wounded)
The blast of sand misses the ice beast.
The ice beast closely misses you.
Casting: Sandblast
Confirm with . or Enter, or press ? or * to list all spells.
Aiming: Sandblast
Press: ? - help, Shift-Dir - straight line, f/p - ice beast
Aim: an ice beast (severely wounded)
The blast of sand hits the ice beast.
The ice beast is severely wounded.
The ice beast hits you. The ice beast freezes you!
You die...

.......# ##.....##
.......# ####..#
.......# ##.##
.......#######..#
........##......##
............>.)..####
....................##
.....................#
...............Y@.<..#
..).....##...........#
.....#####...........#
.....# ##.........#..#
....##
#.........###..# ....#
#........## #.# #.)##
#......### ## #..#
#...#### #.## #####


You could see an ice beast.

Vanquished Creatures
  An ogre (D:4)
  2 orc priests
  An orc wizard (D:3)
  4 worker ants
  4 adders
  2 oozes
  3 worms
  10 orcs
  2 ball pythons
  4 giant cockroaches (D:2)
  3 goblins
  6 hobgoblins
  6 jackals
  8 bats
  A giant cockroach zombie (D:5)
  A giant gecko skeleton (D:4)
  4 giant newts
  9 kobolds
  4 rats
75 creatures vanquished.

Notes
Turn   | Place    | Note
--------------------------------------------------------------
     0 | D:1      | rutigerpupkin the Gargoyle Earth Elementalist began the quest for the Orb.
     0 | D:1      | Reached XP level 1. HP: 10/10 MP: 3/3
    77 | D:1      | Reached XP level 2. HP: 3/15 MP: 1/5
   488 | D:1      | Reached skill level 4 in Earth Magic
  1024 | D:2      | Reached XP level 3. HP: 15/19 MP: 0/7
  1563 | D:2      | Learned a level 3 spell: Stone Arrow
  1744 | D:3      | Reached XP level 4. HP: 24/24 MP: 6/9
  2146 | D:3      | Reached skill level 1 in Conjurations
  2187 | D:3      | Reached XP level 5. HP: 28/28 MP: 0/10
  2317 | D:3      | Reached skill level 5 in Earth Magic
  2599 | D:4      | Noticed an ogre
  2603 | D:4      | Killed an ogre
  2603 | D:4      | Reached XP level 6. HP: 29/32 MP: 4/12
  3576 | D:5      | Entered Level 5 of the Dungeon
  3714 | D:4      | Slain by an ice beast

Vault maps used:
D:1:      lemuel_arrival_muddy
D:3:      first_bread
D:5:      temple_pool_b

Action                   |  1- 3 |  4- 6 || total
-------------------------+-------+-------++-------
Melee: Mace              |    56 |    11 ||    67
       Flail             |       |    53 ||    53
 Cast: Sandblast         |    55 |    52 ||   107
       Stone Arrow       |       |    23 ||    23
  Eat: Chunk             |     3 |     7 ||    10
